 Dungeon Crawl Stone Soup version 0.29.1-13-g9f3cf754e1 (webtiles) character file.

Game seed: 2664467396510241402

51 Revguard the Shield-Bearer (level 4, 0/35 HPs)
             Began as a Formicid Fighter on Feb 3, 2023.
             Slain by a gnoll
             ... wielding a +0 halberd
              (12 damage)
             ... on level 3 of the Dungeon.
             The game lasted 00:04:20 (2054 turns).

Revguard the Shield-Bearer (Formicid Fighter)       Turns: 2054, Time: 00:04:21

Health: 0/35       AC:  6    Str: 22    XL:     4   Next: 7%
Magic:  4/4        EV:  9    Int:  8    God:
Gold:   139        SH:  6    Dex: 13    Spells: 3/3 levels left

rFire   . . .      SeeInvis +   a - +0 war axe
rCold   . . .      Faith    .   c - +1 buckler
rNeg    . . .      Spirit   .   b - +0 scale mail
rPois   .          Reflect  .   (helmet unavailable)
rElec   .          Harm     .   (no cloak)
rCorr   .          Rampage  .   (no gloves)
Will    .....                   (no boots)
Stlth   ..........              (no amulet)
HPRegen 0.11/turn               (no ring)
MPRegen 0.09/turn               (no ring)

@: studying Axes
A: permanent stasis, dig shafts and tunnels, antennae 3, four strong arms
a: Dig, Shaft Self


You were on level 3 of the Dungeon.
You visited 1 branch of the dungeon, and saw 3 of its levels.

You collected 139 gold pieces.

Inventory:

Hand Weapons
 a - a +0 war axe (weapon)
Armour
 b - a +0 scale mail (worn)
 c - a +1 buckler (worn)
Wands
 l - a wand of iceblast (9)
Scrolls
 i - a scroll of immolation
Potions
 d - a potion of might
 k - a potion of berserk rage
 m - a potion of brilliance
 p - a potion of lignification


   Skills:
 + Level 3.5 Fighting
 * Level 2.8 Axes
 + Level 3.6 Armour
 + Level 0.7 Dodging
 + Level 4.3 Shields
 + Level 0.9 Invocations
 + Level 0.9 Evocations


You had 3 spell levels left.
You didn't know any spells.
Your spell library contained the following spells:

 Spells                   Type           Power      Damage    Failure   Level
 Beastly Appendage        Tmut           0%         N/A       80%         1
 Sting                    Tmut/Pois      0%         1d3       80%         1
 Poisonous Vapours        Pois/Air       0%         N/A       91%         2
 Wereblood                Tmut           0%         N/A       91%         2
 Spider Form              Tmut/Pois      0%         N/A       99%         3
 Olgreb's Toxic Radiance  Pois           0%         N/A       100%        4


Dungeon Overview and Level Annotations

Branches:
Dungeon (3/15)

Altars:


Innate Abilities, Weirdness & Mutations

You cannot be hasted, slowed, berserked, paralysed or teleported.
You can dig through walls and to a lower floor.
You have a pair of large antennae on your head. (SInv)
Your four strong arms can wield two-handed weapons with a shield.


Message History

You barely miss the goblin.
The goblin hits you but does no damage. x2
You hit the goblin.
The goblin is heavily wounded.
You block the goblin's attack.
You closely miss the goblin.
The goblin is heavily wounded.
The goblin hits you with a +0 dagger.
You miss the goblin.
The goblin is heavily wounded.
The goblin hits you but does no damage. x2
You hit the goblin.
You kill the goblin!
You see here a +0 dagger.
HP restored.
You open the door.
There is an open door here.
You sense a monster nearby.
Found a war axe.
You sense a monster nearby.
You open the door.
There is an open door here.
A rat comes into view.
You barely miss the rat. The rat bites you but does no damage.
The rat closely misses you.
You hit the rat.
You kill the rat!
You see here a rat corpse.
A gnoll comes into view. It is wielding a +0 whip.
Found a flail. 2 gnolls come into view.
The gnoll shouts! x2
The gnoll hits you with a +0 halberd! The gnoll closely misses you.
You closely miss the gnoll. You slash the gnoll! The gnoll closely misses you.
The gnoll hits you with a +0 halberd. x2; The gnoll barely misses you.
You hit the gnoll.
The gnoll is lightly wounded.
You hit the gnoll. You slash the gnoll! The gnoll hits you with a +0 flail.
A frilled lizard comes into view.
The gnoll hits you with a +0 whip. The gnoll hits you with a +0 halberd!
You die...

#.#########...#.#
......... #...#.#
......### #.#.#†#
......# ...#.#.#
......# #...#.#.#
.....)#
#...#.#.#######
......#
#...#.#.#.....#l
......#
.....#.#g......
......#
........@g......
#+###.#
###.#.#.#g#....#
#.## .. )..#.#.#
... .... ...
#.#.# # ... .....
..... .### ####
#.##+ .# ... .#
######## .. .#
#......#


You could see 3 gnolls and a frilled lizard.

Vanquished Creatures
  2 adders (D:2)
  A worm (D:2)
  A dart slug (D:1)
  An endoplasm (D:1)
  A giant cockroach (D:1)
  3 hobgoblins
  3 jackals (D:1)
  2 quokkas (D:2)
  4 ball pythons
  5 bats
  2 frilled lizards (D:1)
  2 goblins
  3 kobolds
  A rat (D:3)
31 creatures vanquished.

Vanquished Creatures (others)
  A demonic plant (D:1)
1 creature vanquished.

Grand Total: 32 creatures vanquished

Notes
Turn   | Place    | Note
-------+----------+-------------------------------------------
     0 | D:1      | Revguard the Formicid Fighter began the quest for the Orb.
     0 | D:1      | Reached XP level 1. HP: 18/18 MP: 1/1
    94 | D:1      | Reached XP level 2. HP: 24/24 MP: 2/2
    95 | D:1      | Found a faded altar of an unknown god.
    95 | D:1      | Noticed a sixfirhy
   865 | D:2      | Reached XP level 3. HP: 29/29 MP: 3/3
  1294 | D:2      | Reached XP level 4. HP: 35/35 MP: 4/4
  1916 | D:2      | Identified a scroll of acquirement
  1916 | D:2      | Acquired a manual of Axes
  2054 | D:3      | Slain by a gnoll

Illustrated notes

Levels and vault maps discovered:
D:1:      dpeg_arrival_round_b, layout_basic,
          dreamdust_ecumenical_altar_sealed_demon
D:2:      layout_basic, chequers_avenue
D:3:      layout_basic, led_sif_pool, mainiacjoe_overflow_alcove_2,
          nicolae_concentric_dashed_squares_mild, kennysheep_generic_room_11

Action                   |  1- 3 |  4- 6 || total
-------------------------+-------+-------++-------
Melee: War axe           |    84 |    16 ||   100
 Abil: Dig               |     2 |       ||     2
  Use: Scroll            |       |    10 ||    10
Armor: Scale mail        |    52 |     8 ||    60
Dodge: Dodged            |    65 |     5 ||    70
Block: Buckler           |    30 |     4 ||    34
